 Dungeon Crawl Stone Soup version 0.01-2115-ge649c80b0b (webtiles) character file.

Game seed: 5464953075461242937, levelgen mode: deterministic

654 Lanoc the Chopper (level 7, -6/60 HPs) Hill Orc Demonspawn. Began on June 10, 2020. Mangled by a war dog (8 damage) ... led by Grum ... on level 3 of the Dungeon. The game lasted 00:05:55 (1821 turns).

Lanoc the Chopper (Hill Orc Demonspawn)             Turns: 1821, Time: 00:05:57

Health: -6/60      AC: 13    Str: 17    XL:     7 ^: 264
Magic:  9/9        EV: 13    Int: 12    God:
Gold:   62         SH:  0    Dex: 12    Spells: 8/9 levels left

rFire    . . .     Vision   .   a - +0 war axe
rCold    . . .     Gourm    .   (no weapon)
rNeg     . . .     Faith    .   b - +0 leather armour
rPois    .         Spirit   .   i - +0 helmet
rElec    .         Reflect  .   (no cloak)
rCorr    .         Harm     .   (no gloves)
MR       .....                  (no boots)
Stlth    +.........             (no amulet)
HPRegen  0.30/turn              (no ring)
MPRegen  0.19/turn              (no ring)

@: sanguine armour
A: talons 1, powered by pain 1, sanguine armour 2
a: no special abilities


You were on level 3 of the Dungeon.
You were not hungry.

You visited 1 branch of the dungeon, and saw 4 of its levels.

You collected 62 gold pieces.

Inventory:

Weapons
 a - a +0 war axe (weapon)
 h - a +5 club
 l - a +2 short sword of molten steel
Armour
 b - a +0 leather armour (worn)
 i - a +0 helmet (worn)
Wands
 p - a wand of enslavement (1)
Scrolls
 g - 2 scrolls of blinking
 j - a scroll of amnesia
 m - a scroll of immolation
 q - a scroll of enchantment
Potions
 c - a potion of curing
 f - a potion of haste
Comestibles
 d - 5 rations


   Skills:
 + Level 4.9 Fighting
 * Level 7.3 Axes & Hammers
 + Level 3.8 Dodging
 - Level 1.5 Stealth
 - Level 1.5 Spellcasting
   Level 3.6 Invocations


You had 8 spell levels left.
You knew the following spells:

 Your Spells              Type           Power        Failure   Level  Hunger
a - Flame Tongue          Fire           0 (40)       32%         1    ##.....

Your spell library contained the following spells:

 Spells                   Type           Power        Failure   Level  Hunger
 Blink                    Tloc           N/A          43%         2    ###....
 Call Imp                 Summ           0 (100)      43%         2    ###....
 Slow                     Hex            0 (100)      43%         2    ###....
 Conjure Flame            Fire           0 (100)      67%         3    ####...
 Mephitic Cloud           Pois/Air       0 (100)      67%         3    ####...


Dungeon Overview and Level Annotations

Branches:
Dungeon (4/8)
 Temple: D:4

Altars:
Elyvilon
Okawaru
Qazlal
Uskayaw
Xom
The Shining One

Shops:
D:2 =

Annotations:
D:4 Grum


Innate Abilities, Weirdness & Mutations

You have sharp toenails.
You sometimes gain a little power by taking damage.
When seriously injured, your bleeding wounds create thick armour. (AC +9)


Message History

You barely miss the war dog.
The war dog is moderately wounded. (18/29) HP The war dog barely misses you (0).
The giant cockroach barely misses you (0).
The war dog bites you but does no damage.
The war dog bites you (5).
You hit the war dog but do no damage.
The war dog is moderately wounded. (18/29) HP You hit the war dog but do no damage.
You hit the giant cockroach (1).
You are struck by the war dog's spiked collar.
* * * LOW HITPOINT WARNING * * *
You hit the war dog but do no damage. Your kick misses the war dog.
The war dog is moderately wounded. (18/29) HP The war dog bites you (5).
* * * LOW HITPOINT WARNING * * *
The giant cockroach bites you but does no damage.
The war dog bites you (9)!
* * * LOW HITPOINT WARNING * * *
The war dog bites you (8)!
You die...

#..##_..................._#......
##..########...8...########......
.##..## ##.....##..# #.......
..##..## ##...##...# #.......
..###..########_##....# #.......
...###..#.....###.....# #.......
....##................## #.......
รท........###...s.......#
#....... .........# #...h@h....##
##...... .....##..# #.....######
#...... .....##..#######..#
######. .....##...# #..# ##
.....##...# #..######
....####..######.......# ######
....# ##..#............# #.....
...## #................# ##.....
..## ##................# #......


You could see 2 war dogs and a giant cockroach.

Vanquished Creatures
  Ijyb (D:3)
  An ogre (D:3)
  A crocodile (D:2)
  A scorpion (D:3)
  A crimson imp (D:4)
  A jelly (D:2)
  2 iguanas (D:3)
  3 worker ants (D:3)
  Robin (D:2)
  3 adders
  6 sewer rats (D:2)
  3 cinder newts (D:1)
  A worm (D:3)
  An ooze (D:2)
  A dart slug (D:3)
  An adder skeleton (D:2)
  A giant cockroach (D:2)
  9 goblins
  6 hobgoblins
  4 jackals (D:3)
  A quokka (D:3)
  3 ball pythons
  3 bats (D:1)
  A goblin skeleton (D:2)
  A jackal skeleton (D:3)
  2 kobolds (D:1)
  A rat (D:1)
60 creatures vanquished.

Vanquished Creatures (others)
  5 kobolds (D:2)
  A withered plant (D:2)
6 creatures vanquished.

Grand Total: 66 creatures vanquished

Notes
Turn   | Place    | Note
-------+----------+-------------------------------------------
     0 | D:1      | Lanoc the Hill Orc Demonspawn began the quest for the Orb.
     0 | D:1      | Reached XP level 1. HP: 18/18 MP: 3/3
    92 | D:1      | Reached skill level 3 in Axes & Hammers
   108 | D:1      | Gained mutation: When seriously injured, your bleeding
                  | wounds create armour. (AC +9) [demonic ancestry]
   108 | D:1      | Reached XP level 2. HP: 8/25 MP: 4/4
   213 | D:2      | Found Hikkael's Jewellery Emporium.
   215 | D:2      | Found a stormy altar of Qazlal.
   237 | D:2      | Reached skill level 4 in Axes & Hammers
   237 | D:2      | Reached XP level 3. HP: 31/31 MP: 2/5
   239 | D:2      | Noticed Robin
   245 | D:2      | Gained mutation: When seriously injured, your bleeding
                  | wounds create thick armour. (AC +9) [demonic ancestry]
   245 | D:2      | Reached XP level 4. HP: 31/38 MP: 3/6
   264 | D:2      | Killed Robin
   307 | D:2      | Noticed a crocodile
   322 | D:2      | Killed a crocodile
   322 | D:2      | Reached skill level 5 in Axes & Hammers
   322 | D:2      | Reached XP level 5. HP: 14/46 MP: 1/7
   431 | D:2      | Gained mutation: You sometimes gain a little power by
                  | taking damage. [demonic ancestry]
   431 | D:2      | Reached XP level 6. HP: 14/52 MP: 8/8
   842 | D:3      | Found a shimmering altar of Xom.
   845 | D:3      | Found a glowing golden altar of the Shining One.
   846 | D:3      | Found a white marble altar of Elyvilon.
   850 | D:3      | Reached skill level 6 in Axes & Hammers
   859 | D:3      | Found an iron altar of Okawaru.
   862 | D:3      | Found a hide-covered altar of Uskayaw.
   998 | D:3      | Gained mutation: You have sharp toenails. [demonic
                  | ancestry]
   998 | D:3      | Reached XP level 7. HP: 36/60 MP: 9/9
  1268 | D:3      | Noticed Ijyb
  1293 | D:3      | Killed Ijyb
  1293 | D:3      | Reached skill level 7 in Axes & Hammers
  1380 | D:3      | Noticed a troll
  1391 | D:3      | HP: 1/90 [iguana (8)]
  1804 | D:4      | Noticed a war dog
  1804 | D:4      | Noticed a war dog
  1805 | D:4      | Noticed Grum
  1821 | D:3      | HP: 2/60 [war dog[Grum] (9)]
  1821 | D:3      | Mangled by a war dog

Levels and vault maps discovered:
D:1:      dpeg_arrival_brainrot, layout_basic, supply_closet_lemuel,
          st_stairs_8, chequers_garden, minmay_misc_feat_rows
D:2:      layout_sewer, nicolae_overflow_hidden_temple,
          nicolae_qazlal_general_emergency, serial_shops, shop, shop, uniq_robin
D:3:      layout_cave_pods, minmay_overflow_temple_star_hex, first_ration,
          uniq_ijyb
D:4:      layout_cave_pools, lemuel_mausoleum_altar_kikubaaqudgha,
          minmay_temple_entry_wispy, uniq_psyche, uniq_grum

Skill      XL: |  1  2  3  4  5  6  7 |
---------------+----------------------+-----
Axes & Hammers | 3 4 5 6 7 |  7.3
Fighting       | 3 4 |  4.9
Dodging        | 3 |  3.8
Stealth        | |  1.5
Spellcasting   | |  1.5
Invocations    | |  3.6

Action                   |  1- 3 |  4- 6 |  7- 9 || total
-------------------------+-------+-------+-------++-------
Melee: War axe           |    37 |    98 |    49 ||   184
       Unarmed           |    26 |    72 |    43 ||   141
       Kick              |       |       |    15 ||    15
 Cast: Flame Tongue      |     1 |     5 |       ||     6
  Use: Potion            |       |       |     3 ||     3
       Scroll            |       |       |     1 ||     1
 Stab: Sleeping          |       |     1 |       ||     1
  Eat: Chunk             |       |     1 |     3 ||     4
Armor: Leather armour    |    13 |    32 |    21 ||    66
       Skin              |       |       |    12 ||    12
Dodge: Dodged            |    36 |   106 |    42 ||   184
